 Dungeon Crawl Stone Soup version 0.31-a0-845-g9abc20d24f (console) character file.

Game seed: 11808103801230197259

511 Abuh the Covered (level 7, -14/66 HPs)
             Began as a Gargoyle Fighter on Oct 3, 2023.
             Was a Follower of Okawaru.
             Demolished by Duvessa
             ... wielding a +0 short sword
              (16 damage)
             ... on level 5 of the Dungeon.
             The game lasted 00:15:55 (3732 turns).

Abuh the Covered (Gargoyle Fighter)                 Turns: 3732, Time: 00:15:56

Health: -14/66     AC: 23    Str: 21    XL:     7   Next: 19%
Magic:  7/7        EV:  2    Int:  9    God:    Okawaru [*.....]
Gold:   300        SH:  4    Dex:  9    Spells: 6/6 levels left

rFire   . . .        a - +0 flail
rCold   . . .        c - +0 buckler
rNeg    + . .        h - melded +0 chain mail
rPois   ∞            (helmet currently unavailable)
rElec   .            (cloak currently unavailable)
rCorr   .            i - melded +2 pair of gloves
SInv    .            (boots currently unavailable)
Will    .....        (no amulet)
Stlth   +            (no ring)
HPRegen 0.31/turn    (no ring)
MPRegen 0.10/turn

%: no passive effects
@: tree-form, hasted, very quick
A: stationary, stasis, torment immunity, boosted hp, sickness immunity, AC +4,
negative energy resistance 1, (electricity resistance), torment resistance 1,
petrification resistance
a: Renounce Religion, Heroism


You were on level 5 of the Dungeon.
You worshipped Okawaru.
Okawaru was aware of your devotion.
You were a tree.
You visited 1 branch of the dungeon, and saw 5 of its levels.

You collected 300 gold pieces.

Inventory:

Hand Weapons
 a - a +0 flail (weapon)
Missiles
 e - a throwing net
Armour
 b - a +0 scale mail
 c - a +0 buckler (worn)
 h - a +0 chain mail (melded)
 i - a +2 pair of gloves (melded)
 o - a +1 pair of gloves of dexterity
Scrolls
 f - a scroll of fog
 g - a scroll of identify
 j - a scroll of torment
 k - 2 scrolls of amnesia
 l - a scroll of teleportation
 n - 2 scrolls of poison {unknown}
Potions
 m - 2 potions of lignification


   Skills:
 + Level 4.9 Fighting
 * Level 4.9 Maces & Flails
 + Level 4.9 Armour
 + Level 4.8 Shields


You had 6 spell levels left.
You didn't know any spells.
Your spell library contained the following spells:

 Spells                   Type           Power      Damage    Failure   Level
 Magic Dart               Conj           0%         1d3       43%         1
 Sandblast                Erth           0%         2d4       43%         1
 Passwall                 Tmut/Erth      0%         N/A       58%         2
 Poisonous Vapours        Pois/Air       0%         N/A       58%         2
 Mephitic Cloud           Conj/Pois/Air  0%         N/A       82%         3
 Ozocubu's Armour         Ice            0%         N/A       82%         3
 Stone Arrow              Conj/Erth      0%         3d7       82%         3
 Brom's Barrelling Bould  Conj/Erth      0%         2d3       99%         4
 Freezing Cloud           Conj/Ice/Air   0%         6-21      100%        5
 Ozocubu's Refrigeration  Ice            0%         4d7       100%        7
 Call Imp                 Summ           Unusable   N/A       N/A         2

Dungeon Overview and Level Annotations

Branches:
Dungeon (5/15)
 Temple: D:4-7

Altars:
Ashenzari
Hepliaklqana
Okawaru
Yredelemnul
Zin
The Shining One

Annotations:
D:5 Duvessa


Innate Abilities, Weirdness & Mutations

You are a tree.
Your roots penetrate the ground, keeping you stationary.
You cannot be teleported.
You are immune to unholy pain and torment.
Your maximum health is greatly increased.
Your equipment is partially melded.
You are immune to sickness and miasma.
((Your stone body is resilient. (AC +4)))
You are immune to poison.
You resist negative energy. (rN+)
((You are resistant to electric shocks. (rElec)))
You are resistant to unholy torment.
You are immune to petrification.


Message History

You barely miss Duvessa.
Duvessa is moderately wounded.
Duvessa hits you with a +0 short sword. Duvessa completely misses you.
You barely miss Duvessa.
Duvessa is moderately wounded.
You block Duvessa's attack. Duvessa closely misses you.
You hit Duvessa.
Duvessa is moderately wounded.
Duvessa barely misses you.
It was a potion of haste.
You feel yourself speed up. Duvessa hits you with a +0 short sword!
* * * LOW HITPOINT WARNING * * *
Duvessa hits you with a +0 short sword!
* * * LOW HITPOINT WARNING * * *
You barely miss Duvessa.
Duvessa is moderately wounded.
Duvessa hits you with a +0 short sword.
* * * LOW HITPOINT WARNING * * *
Okay, then.
You turn into a tree.
Your +2 pair of gloves melds into your body.
Your +0 chain mail melds into your body.
Your roots penetrate the ground.
Duvessa hits you but does no damage.
You barely miss Duvessa.
Duvessa is moderately wounded.
Duvessa hits you with a +0 short sword.
* * * LOW HITPOINT WARNING * * *
Duvessa is nearby!
Duvessa hits you but does no damage. Duvessa hits you but does no damage.
You thump Duvessa!
Duvessa is heavily wounded.
You block Duvessa's attack. Duvessa hits you with a +0 short sword.
* * * LOW HITPOINT WARNING * * *
You hit Duvessa but do no damage.
Duvessa is heavily wounded.
Duvessa hits you but does no damage.
You hit Duvessa but do no damage.
Duvessa is heavily wounded.
Duvessa hits you with a +0 short sword!
You die...

........##########.#.........##
######..## #......#.<.## ##..#
#.......#.## ##.## #.......#.# .....
#..## #.......#.# .... #### ##..####
#......##.# #... ########))##
##....## #.......#.# #... .#
........#..#########..# #.......#.# .
#...#### .##.)........##.........##.#
#.......#.# ..
#......##..#..♣♣♣♣♣♣..#...######..#.#
##.....#..# #.#.......#.##..♣
♣..#.#..######...####....##.##
###...........#..♣
♣..#...................##...#
#...........#.#..♣
♣..#....#######..###.>.#..###
#...........# #..♣ ♣..###...
##...#.....##
..####.....####..♣♣♣♣♣♣..# #####
#.#.##....# # ##.......##..........#
#.#.#.....#####
#........##..........#
....#.........###
#........†)###########
............)...# #.......#..######
........†####..# ##.....##....♣e.#
#.#.##......#### #....#########.#
#.#....#..### #..#### #..#
#.###...#..# #.# ##... #.# ##...#.#
#.. ###.# #.# #.#.#.# #. .. #<#
##.#...# .. #.###..#..... .
#..##.##.>...# ##..).##.....#
#######.....# #######


You could see Duvessa (berserk).

Vanquished Creatures
  An ogre (D:4)
  A kobold brigand (D:4)
  Dowan (D:5)
  A gnoll bouda (D:5)
  3 jellies
  An iguana (D:5)
  3 gnolls (D:5)
  3 adders
  A shadow imp (D:3)
  A white imp (D:5)
  2 worms (D:3)
  4 dart slugs
  7 orcs
  7 endoplasms
  6 giant cockroaches
  2 hobgoblins
  3 jackals (D:2)
  2 quokkas
  6 ball pythons
  4 bats (D:2)
  6 frilled lizards
  3 goblins
  14 kobolds
  A rat (D:3)
83 creatures vanquished.

Notes
Turn   | Place    | Note
-------+----------+-------------------------------------------
     0 | D:1      | Abuh the Gargoyle Fighter began the quest for the Orb.
     0 | D:1      | Reached XP level 1. HP: 14/14 MP: 1/1
   197 | D:1      | Reached XP level 2. HP: 19/19 MP: 2/2
   761 | D:1      | Found a faded altar of an unknown god.
   856 | D:2      | Reached XP level 3. HP: 15/23 MP: 3/3
  1418 | D:3      | Found a glowing silver altar of Zin.
  1420 | D:3      | Found a broken altar of Ashenzari.
  1421 | D:3      | Found a hazy altar of Hepliaklqana.
  1468 | D:3      | Found a glowing golden altar of the Shining One.
  1468 | D:3      | Found an iron altar of Okawaru.
  1469 | D:3      | Found a basalt altar of Yredelemnul.
  1481 | D:3      | Became a worshipper of Warmaster Okawaru
  1518 | D:3      | Reached XP level 4. HP: 29/29 MP: 4/4
  2763 | D:4      | Noticed an ogre
  2770 | D:4      | Killed an ogre
  2771 | D:4      | Reached XP level 5. HP: 27/33 MP: 5/5
  3009 | D:4      | Reached XP level 6. HP: 37/38 MP: 6/6
  3010 | D:4      | Reached * piety under Okawaru
  3396 | D:5      | Entered Level 5 of the Dungeon
  3570 | D:5      | Noticed Dowan
  3590 | D:5      | Killed Dowan
  3591 | D:5      | Reached XP level 7. HP: 33/44 MP: 7/7
  3704 | D:5      | Noticed Duvessa
  3730 | D:5      | HP: 2/66 [Duvessa/+0 short sword (6)]
  3732 | D:5      | Demolished by Duvessa

Illustrated notes

Levels and vault maps discovered:
D:1:      matt_arrival_los_fun, layout_basic,
          hellmonk_ecumenical_altar_inner_sanctum
D:2:      layout_basic, minmay_bisected
D:3:      layout_basic, grunt_temple_overflow_open
D:4:      cheibrodos_thug_alley, layout_cave_pods,
          minmay_fractal_squares_gapless_5
D:5:      layout_rooms, hex_intersection, kennysheep_pointless_box,
          uniq_blork_the_orc, uniq_pikel, uniq_duvessa

Skill      XL: |  1  2  3  4  5 |
---------------+----------------+-----
Maces & Flails | 3 4 |  4.9
Armour         | 4 |  4.9
Fighting       | 4 |  4.9
Shields        | 4 |  4.8

Action                     |  1- 3 |  4- 6 |  7- 9 || total
---------------------------+-------+-------+-------++-------
  Melee: Flail             |   113 |   177 |    28 ||   318
    Use: Scroll            |     5 |     4 |       ||     9
         Potion            |       |     4 |     2 ||     6
 Armour: Scale mail        |    51 |       |       ||    51
         Chain mail        |    46 |   143 |    22 ||   211
         Skin              |       |       |     7 ||     7
  Dodge: Dodged            |    60 |    63 |     9 ||   132
  Block: Buckler           |    30 |    43 |     7 ||    80

Table legend: (Time is in decaauts)
 A = Elapsed time spent in this place.
 B = Non-inter-level travel time spent in this place.
 C = Inter-level travel time spent in this place.
 D = Time resting spent in this place.
 E = Time spent auto-exploring this place.
 F = Levels seen in this place.
 G = Mean time per level.
                   A        B        C        D        E       F      G
               +--------+--------+--------+--------+--------+-----+--------+
         Total |   3818 |   3663 |    155 |    397 |   2293 |   5 |  763.6 |
       Dungeon |   3818 |   3663 |    155 |    397 |   2293 |   5 |  763.6 |
               +--------+--------+--------+--------+--------+-----+--------+

Top non-repeatable levels by time:
     D:4: 1148 daAuts
     D:3: 905 daAuts
     D:1: 847 daAuts
     D:2: 569 daAuts
     D:5: 348 daAuts
